 Dungeon Crawl Stone Soup version 0.29.1-15-g9cfb28693d (webtiles) character file.

Game seed: 4808514212338551994

9511 javelincjr the Fighter (level 11, -4/87 HPs)
             Began as a Demonspawn Abyssal Knight on Mar 23, 2023.
             Was a High Priest of Lugonu.
             Killed from afar by a gargoyle (16 damage)
             ... with a stone arrow
             ... on level 10 of the Dungeon.
             The game lasted 00:49:13 (13182 turns).

javelincjr the Fighter (Demonspawn Abyssal Knight) Turns: 13182, Time: 00:49:14

Health: -4/87      AC: 27    Str: 13    XL:     11   Next: 24%
Magic:  0/20       EV:  5    Int: 20    God:    Lugonu [*****.]
Gold:   386        SH:  0    Dex: 15    Spells: 22/23 levels left

rFire   . . .      SeeInvis .   g - +6 battleaxe (elec)
rCold   . . .      Faith    .   (shield currently unavailable)
rNeg    + . .      Spirit   +   Y - +4 plate armour of Resilience {rN+ Will+ Int+5 Stlth+}
rPois   .          Reflect  .   (helmet restricted)
rElec   .          Harm     .   O - +2 cloak {Stlth+}
rCorr   .          Rampage  +   r - +2 pair of gloves
Will    +....                   T - +0 pair of boots {rampage}
Stlth   ..........              E - amulet of guardian spirit
HPRegen 0.24/turn               (no ring)
MPRegen 0.17/turn               (no ring)

@: mighty, slowed, very slow
A: horns 2, slimy green scales 1, powered by pain 1, demonic magic 1
a: Renounce Religion, Depart the Abyss, Bend Space, Banish, Corrupt, Enter the
Abyss


You were on level 10 of the Dungeon.
You worshipped Lugonu.
Lugonu was extremely pleased with you.
You visited 2 branches of the dungeon, and saw 11 of its levels.
You visited the Abyss 1 time.

You collected 566 gold pieces.
You spent 180 gold pieces at shops.

Inventory:

Hand Weapons
 a - a +1 hand axe of venom
 c - a +2 vampiric dagger
 g - a +6 battleaxe of electrocution (weapon)
 y - a +2 trident of venom
 H - a +2 vampiric short sword
 K - a +3 trident
Missiles
 f - a javelin
 n - a throwing net
 p - 48 poisoned darts (quivered)
 q - 8 boomerangs
 z - 2 silver boomerangs
 I - 6 curare-tipped darts
Armour
 e - a +0 troll leather armour
 h - a +0 pair of boots
 i - a +0 scale mail
 l - a +2 pair of gloves
 r - a +2 pair of gloves (worn)
 D - a +0 leather armour
 F - a +2 kite shield
 N - the +1 cloak of Ajole {Int+4}
   (You bought it in a shop on level 6 of the Dungeon)

   Int:       It affects your intelligence (+4).
 O - a +2 cloak of stealth (worn)
 T - a +0 pair of boots of rampaging (worn)
 U - a +2 chain mail of fire resistance
 W - a +2 chain mail of poison resistance
 Y - the +4 plate armour of Resilience (worn) {rN+ Will+ Int+5 Stlth+}
   (You found it on level 10 of the Dungeon)

   Int:       It affects your intelligence (+5).
   rN:        It protects you from negative energy.
   Will:      It increases your willpower.
   Stlth:     It makes you more stealthy.
Magical Staves
 G - a staff of poison
Jewellery
 E - an amulet of guardian spirit (around neck)
Wands
 m - a wand of digging (3)
 s - a wand of roots (3)
 B - a wand of flame (16)
Scrolls
 b - 2 scrolls of enchant armour {unknown}
 d - a scroll of silence
 t - a scroll of amnesia
 u - 4 scrolls of poison
 v - 2 scrolls of vulnerability
 J - 3 scrolls of teleportation
 L - a scroll of magic mapping {unknown}
 M - a scroll of torment {unknown}
 P - 2 scrolls of immolation {unknown}
 S - a scroll of fear {unknown}
 V - a scroll of brand weapon
 X - a scroll of blinking {unknown}
 Z - a scroll of enchant weapon {unknown}
Potions
 j - 2 potions of haste {unknown}
 k - a potion of heal wounds
 o - 3 potions of mutation {unknown}
 w - a potion of brilliance {unknown}
 x - 6 potions of lignification {unknown}
 A - a potion of cancellation {unknown}
 Q - 2 potions of resistance {unknown}
 R - a potion of curing


   Skills:
 * Level 8.9 Fighting
 + Level 5.6 Axes
 * Level 7.2 Armour
 + Level 5.2 Dodging
 + Level 3.0 Shields
 * Level 6.5 Spellcasting
 + Level 4.0 Conjurations
 + Level 8.0 Invocations


You had 22 spell levels left.
You knew the following spells:

 Your Spells              Type           Power      Damage    Failure   Level
a - Magic Dart            Conj           88%        1d7       83%         1

Your spell library contained the following spells:

 Spells                   Type           Power      Damage    Failure   Level
 Sting                    Tmut/Pois      24%        1d4       100%        1
 Call Imp                 Summ           6%         N/A       100%        2
 Poisonous Vapours        Pois/Air       12%        N/A       100%        2
 Gell's Gravitas          Tloc           6%         N/A       100%        3
 Lesser Beckoning         Tloc           6%         N/A       100%        3
 Mephitic Cloud           Conj/Pois/Air  11%        N/A       100%        3
 Ozocubu's Armour         Ice            6%         N/A       100%        3
 Teleport Other           Tloc           6%         N/A       100%        3
 Olgreb's Toxic Radiance  Pois           6%         N/A       100%        4
 Summon Lightning Spire   Summ/Air       6%         N/A       100%        4
 Fireball                 Conj/Fire      7%         3d5       100%        5
 Metabolic Englaciation   Hex/Ice        3%         N/A       100%        5
 Simulacrum               Ice/Necr       3%         N/A       100%        6
 Starburst                Conj/Fire      7%         6d4       100%        6
 Ozocubu's Refrigeration  Ice            3%         4d8       100%        7
 Storm Form               Tmut/Air       3%         N/A       100%        7
 Ignition                 Fire           3%         3d4       100%        8
 Maxwell's Capacitive Co  Air            3%         ∞         100%        8


Dungeon Overview and Level Annotations

Branches:
Dungeon (10/15)            Temple (1/1) D:4            Lair (0/5) D:9
    Orc (0/2) D:10

Altars:
Ashenzari
Cheibriados
Dithmenos
Fedhas
Gozag
Hepliaklqana
Kikubaaqudgha
Makhleb
Nemelex Xobeh
Okawaru
Qazlal
Ru
Sif Muna
Trog
Uskayaw
Vehumet
Wu Jian
Xom
Yredelemnul

Shops:
D:5 (   D:6 [=:(

Annotations:
Abyss:1 Joseph


Innate Abilities, Weirdness & Mutations

You have a pair of horns on your head.
You are partially covered in slimy green scales. (AC +2)
You sometimes gain a little power by taking damage.
Spells you cast may paralyse adjacent enemies.


Message History

You are poisoned.
You have difficulty breathing.
* * * LOW HITPOINT WARNING * * *
You focus on the pain.
You feel very mighty all of a sudden.
You feel yourself slow down.
You feel better.
A gargoyle comes into view. It is wielding a +0 flail.
The kobold brigand throws a curare-tipped dart.
The curare-tipped dart hits you.
You are poisoned.
You have difficulty breathing.
* * * LOW HITPOINT WARNING * * *
You feel as though you will be slow longer.
You feel better.
The kobold brigand throws a curare-tipped dart.
The curare-tipped dart hits you.
You are poisoned.
You have difficulty breathing.
* * * LOW HITPOINT WARNING * * *
You feel as though you will be slow longer.
Space bends violently around you!
You blink.
Found a potion of attraction.
You feel sick.
You feel better.
The gargoyle hits you but does no damage.
The gargoyle hurls a stone arrow at you.
The stone arrow hits you but does no damage.
The gargoyle hurls a stone arrow at you.
The stone arrow hits you.
* * * LOW HITPOINT WARNING * * *
The kobold brigand throws a curare-tipped dart.
The curare-tipped dart hits you.
You are poisoned.
You have difficulty breathing.
* * * LOW HITPOINT WARNING * * *
You feel as though you will be slow longer.
You feel better.
The gargoyle hurls a stone arrow at you.
The stone arrow hits you!
You die...

#.......# #8...8##.g.# #
#..†....##################g###
###.######.....#.....## ##.#
#†.# .............###..# #.##
...........!..#..## #.#
............g..g.## ##.####
.............g.###
#.....##............K..###
.......#........@.9.......
........#...........!.####
........##.....#......#
........#########........
.....>..# ......#####.#
........## #......# .
.........###......##
#.....#......<..#.#
#######......##


You could see a gargoyle, a kobold brigand and 3 gnolls.

Vanquished Creatures
  A two-headed ogre (D:8)
  A kobold demonologist (D:10)
  A troll (D:9)
  Sigmund (D:2)
  A vampire (D:6)
  A wyvern (D:9)
  13 yaks
  A wraith (D:9)
  Eustachio (D:6)
  Menkaure (D:7)
  Edmund (D:6)
  3 water moccasins
  3 ice beasts
  9 orc warriors
  3 black bears (D:6)
  7 ogres
  A centaur (D:6)
  2 phantoms (D:5)
  6 kobold brigands
  2 gnoll sergeants
  4 scorpions
  7 wights
  5 killer bees (D:8)
  A howler monkey (D:6)
  2 electric eels (D:6)
  A hound (D:5)
  6 orc priests
  Crazy Yiuf (D:6)
  2 gnoll boudas
  3 jellies
  2 iguanas
  11 orc wizards
  14 gnolls
  6 adders
  3 white imps
  5 ufetubi
  5 worms
  2 dart slugs (D:1)
  58 orcs
  8 ball pythons
  7 endoplasms
  A giant cockroach (D:3)
  7 goblins
  6 hobgoblins
  3 quokkas
  4 bats
  5 frilled lizards
  35 kobolds
  3 rats
276 creatures vanquished.

Vanquished Creatures (others)
  An orc wizard (D:6)
  4 fungi (D:6)
5 creatures vanquished.

Grand Total: 281 creatures vanquished

Notes
Turn   | Place    | Note
-------+----------+-------------------------------------------
     0 | Abyss:1  | javelincjr the Demonspawn Abyssal Knight began the quest
                  | for the Orb.
     0 | Abyss:1  | Reached XP level 1. HP: 18/18 MP: 2/2
    76 | Abyss:1  | Noticed a wraith
    82 | Abyss:1  | Noticed a small abomination
    83 | D:1      | Escaped the Abyss
   171 | D:1      | Reached skill level 1 in Dodging
   264 | D:1      | Reached ** piety under Lugonu
   424 | D:1      | Gained mutation: You sometimes gain a little power by
                  | taking damage. [demonic ancestry]
   424 | D:1      | Reached XP level 2. HP: 24/24 MP: 4/4
  1113 | D:2      | Gained mutation: Spells you cast may paralyse adjacent
                  | enemies. [demonic ancestry]
  1113 | D:2      | Reached XP level 3. HP: 29/29 MP: 5/5
  2252 | D:2      | Noticed Sigmund
  2275 | D:2      | HP: 1/30 [something (5)]
  2282 | D:2      | Killed Sigmund
  2283 | D:2      | Reached XP level 4. HP: 7/38 MP: 6/6
  2283 | D:2      | Reached XP level 5. HP: 8/43 MP: 7/7
  2972 | D:3      | Reached XP level 6. HP: 42/49 MP: 7/9
  3372 | D:3      | Found a burning altar of Makhleb.
  3629 | D:3      | Reached *** piety under Lugonu
  4315 | D:4      | Found a staircase to the Ecumenical Temple.
  4329 | Temple   | Entered the Ecumenical Temple
  4329 | Temple   | Found a transporter.
  4329 | Temple   | Found a transporter.
  4331 | Temple   | Found a transporter.
  4331 | Temple   | Found a transporter.
  4367 | Temple   | Identified a scroll of acquirement
  4367 | Temple   | Acquired a +6 battleaxe of electrocution
  5403 | D:4      | Found a hazy altar of Hepliaklqana.
  5471 | D:5      | Entered Level 5 of the Dungeon
  5477 | D:5      | Reached skill level 5 in Fighting
  5479 | D:5      | Reached skill level 1 in Spellcasting
  5595 | D:5      | Gained mutation: You are partially covered in slimy green
                  | scales. (AC +2) [demonic ancestry]
  5595 | D:5      | Reached XP level 7. HP: 30/56 MP: 10/10
  5999 | D:5      | Found Veemuax's Weapon Emporium.
  6107 | D:5      | Reached skill level 5 in Invocations
  6386 | D:5      | Reached XP level 8. HP: 64/64 MP: 11/11
  6778 | D:6      | Noticed Eustachio
  6786 | D:6      | Killed Eustachio
  6801 | D:6      | Learned a level 1 spell: Magic Dart
  6973 | D:6      | Reached **** piety under Lugonu
  7189 | D:6      | Reached skill level 1 in Conjurations
  7331 | D:6      | Noticed Edmund
  7340 | D:6      | Killed Edmund
  7429 | D:6      | Reached skill level 5 in Armour
  7429 | D:6      | Gained mutation: You have a pair of small horns on your
                  | head. [demonic ancestry]
  7429 | D:6      | Reached XP level 9. HP: 41/71 MP: 7/14
  7979 | D:6      | Found a shimmering altar of Xom.
  7980 | D:6      | Found an ancient bone altar of Kikubaaqudgha.
  8213 | D:6      | Found Wemug's Weapon Boutique.
  8214 | D:6      | Found Giblomn's Book Boutique.
  8217 | D:6      | Found Ryfuj's Antique Armour Boutique.
  8218 | D:6      | Found Izippai's Jewellery Boutique.
  8230 | D:6      | Bought a polished cloak for 180 gold pieces
  8230 | D:6      | Identified the +1 cloak of Ajole {Int+4} (You bought it in
                  | a shop on level 6 of the Dungeon)
  8559 | D:6      | Found a runed translucent door.
  8560 | D:6      | Noticed Crazy Yiuf
  8570 | D:6      | Killed Crazy Yiuf
  9131 | D:7      | Reached ***** piety under Lugonu
  9278 | D:7      | Reached skill level 1 in Shields
  9773 | D:7      | Noticed Menkaure
  9779 | D:7      | Killed Menkaure
  9780 | D:7      | Reached skill level 5 in Spellcasting
 10032 | D:7      | Noticed Joseph
 10035 | D:7      | Banished Joseph
 10036 | D:7      | Reached XP level 10. HP: 72/80 MP: 6/17
 10456 | D:8      | Found a transporter.
 10456 | D:8      | Found a transporter.
 10530 | D:8      | Noticed a boulder beetle
 10703 | D:8      | Reached skill level 5 in Axes
 10707 | D:8      | Noticed a two-headed ogre
 11287 | D:9      | Found a staircase to the Lair.
 11328 | D:8      | Found an ornate altar of the Wu Jian Council.
 11698 | D:8      | Killed a two-headed ogre
 12296 | D:9      | Reached skill level 5 in Dodging
 12598 | D:9      | Gained mutation: You have a pair of horns on your head.
                  | [demonic ancestry]
 12598 | D:9      | Reached XP level 11. HP: 73/87 MP: 18/20
 12863 | D:10     | Entered Level 10 of the Dungeon
 12871 | D:10     | Identified the +4 plate armour of Resilience {rN+ Will+
                  | Int+5 Stlth+}
 13117 | D:10     | Found a staircase to the Orcish Mines.
 13182 | D:10     | Killed from afar by a gargoyle

Illustrated notes

Levels and vault maps discovered:
D:1:      eino_arrival_water_star, layout_loops_ring
D:2:      layout_basic, nrook_mini_backslash, grunt_decor_junction,
          minmay_split_cup_large, uniq_sigmund
D:3:      layout_loops_ring, mainiacjoe_overflow_chevrons,
          kennysheep_generic_room_12
D:4:      layout_loops_corners, worldfamousw_hep_ancestral_shrine,
          minmay_temple_entry_statues_fountains, serial_co_window_serial,
          co_window_paths_a, co_window_paths_a, co_window_cross_1,
          co_window_of_opportunity_a, co_window_corner_a,
          co_window_of_opportunity_a, co_window_of_opportunity_c,
          co_window_unsneaky_path_a, co_window_cross_4, co_window_broadway_b,
          co_window_unsneaky_path_b, co_window_paths_c,
          co_window_unsneaky_path_c, glass_columns_a, glass_columns_c,
          minmay_crossroads
D:5:      layout_rooms, serial_shops, nicolae_shop_stone, chequers_avenue,
          minmay_misc_feat_cross, minmay_checkerbox
D:6:      layout_loops_ring, nicolae_overflow_squiral, minmay_shop_grid_forest,
          uniq_eustachio, uniq_crazy_yiuf_cottage, uniq_edmund
D:7:      layout_layer_cave, st_stairs_9, uniq_menkaure, uniq_joseph
D:8:      gammafunk_boulding_lane, layout_cave_pods, nzn_wu_jian_contemplation
D:9:      layout_irregular_city, lair_entry_dummy, serial_column_ruins,
          column_ruins_open_small, column_ruins_open_medium,
          column_ruins_open_small, column_ruins_open_medium,
          column_ruins_columns_straight, column_ruins_open_small
D:10:     layout_rooms, kennysheep_orc_monster_closet_entryway
Temple:   hellmonk_temple_divided_pantheon

Skill      XL: |  1  2  3  4  5  6  7  8  9 10 11 |
---------------+----------------------------------+-----
Dodging        | 1 2 3 4 5 |  5.2
Axes           | 2 3 4 5 |  5.6
Armour         | 2 3 4 5 6 7 |  7.2
Invocations    | 3 4 5 6 7 8 |  8.0
Fighting       | 4 5 6 7 8 |  8.9
Spellcasting   | 1 2 3 5 6 |  6.5
Conjurations   | 1 2 3 4 |  4.0
Shields        | 1 2 3 |  3.0

Action                   |  1- 3 |  4- 6 |  7- 9 | 10-12 || total
-------------------------+-------+-------+-------+-------++-------
Melee: Hand axe          |   125 |    30 |       |       ||   155
       Punch             |     3 |     1 |       |       ||     4
       Dagger            |       |    99 |       |       ||    99
       Battleaxe         |       |    35 |   229 |   148 ||   412
       Headbutt          |       |       |    15 |    31 ||    46
Throw: Javelin           |     3 |     3 |       |       ||     6
       Dart              |       |     2 |     7 |    11 ||    20
 Cast: Magic Dart        |       |       |    64 |    41 ||   105
Invok: Depart the Abyss  |     1 |       |       |       ||     1
       Banish            |       |       |     2 |     1 ||     3
       Bend Space        |       |       |       |     3 ||     3
  Use: Potion            |     3 |       |     1 |     7 ||    11
       Scroll            |       |     4 |     6 |     1 ||    11
 Stab: Paralysed         |       |       |    51 |    46 ||    97
       Sleeping          |       |       |     1 |     1 ||     2
Armor: Leather armour    |     7 |       |    74 |    27 ||   108
       Scale mail        |    50 |    65 |    74 |       ||   189
       Troll leather arm |       |       |       |    33 ||    33
       Plate armour      |       |       |       |    90 ||    90
Dodge: Dodged            |    56 |    49 |   179 |   117 ||   401
